 Dungeon Crawl Stone Soup version 0.25.1-2-g60ff931df9 (webtiles) character file.

Game seed: 10077080285107347034

85316 Johnny the Gelid (level 14, -31/93 HPs)
             Began as a Demigod Ice Elementalist on Aug 22, 2020.
             Killed from afar by Jorgrun (46 damage)
             ... with an iron shot
             ... on level 12 of the Dungeon.
             The game lasted 00:51:26 (26276 turns).

Johnny the Gelid (Demigod Ice Elementalist)        Turns: 26276, Time: 00:51:27

Health: -31/93     AC: 15    Str: 17    XL:     14   Next: 98%
Magic:  17/33      EV: 12    Int: 27    God:
Gold:   1703       SH:  5    Dex: 20    Spells: 3/35 levels left

rFire    . . .     SeeInvis .   v - staff of cold
rCold    + . .     Gourm    .   (no shield)
rNeg     . . .     Faith    .   L - +4 troll leather armour {Snorg}
rPois    .         Spirit   .   (no helmet)
rElec    .         Reflect  +   h - +0 cloak
rCorr    .         Harm     .   G - +0 pair of gloves (curse)
MR       ++...                  F - +0 pair of boots
Stlth    +++.......             w - amulet of reflection
HPRegen  0.65/turn              Q - ring "Koehoj" {MR+ Str+6 Dex+4 Stlth+}
MPRegen  0.23/turn              O - +4 ring of protection

@: very slightly contaminated, hasted, very quick
A: high mp 1
a: no special abilities


You were on level 12 of the Dungeon.
You were not hungry.

You visited 2 branches of the dungeon, and saw 18 of its levels.
You also visited: Ossuary and Ice Cave.

You collected 1703 gold pieces.

Inventory:

Hand Weapons
 u - a +6 scimitar of holy wrath
Armour
 h - a +0 cloak (worn)
 F - a +0 pair of boots (worn)
 G - a cursed +0 pair of gloves (worn)
 I - the +5 chain mail "Beirph" {rElec rC- Str+8 SInv}
   (You found it on level 12 of the Dungeon)

   It affects your strength (+8).
   It makes you vulnerable to cold.
   It insulates you from electricity.
   It lets you see invisible.
 L - a +4 troll leather armour (worn) {Snorg}
Magical Staves
 m - an uncursed staff of wizardry
 v - an uncursed staff of cold (weapon)
Jewellery
 k - an uncursed ring of protection from fire
 w - an amulet of reflection (around neck)
 B - an uncursed ring of protection from cold
 K - an uncursed ring of positive energy
 O - a +4 ring of protection (right hand)
 P - the ring "Xith" {+Blink rPois rC- Dex+6 Slay+2}
   (You found it on level 6 of the Lair of Beasts)

   [ring of dexterity]

   It affects your dexterity (+6).
   It affects your accuracy and damage with ranged weapons and melee attacks
   (+2).
   It makes you vulnerable to cold.
   It protects you from poison.
   It lets you blink.
 Q - the ring "Koehoj" (left hand) {MR+ Str+6 Dex+4 Stlth+}
   (You found it in an ice cave)

   [ring of strength]

   It affects your strength (+6).
   It affects your dexterity (+4).
   It affects your resistance to hostile enchantments.
   It makes you more stealthy.
 S - an uncursed ring of ice
Wands
 i - a wand of flame (15)
 t - a wand of polymorph (5)
 C - a wand of disintegration (16)
 J - a wand of acid (16)
 V - a wand of paralysis (6)
 W - a wand of iceblast (11)
 Z - a wand of enslavement (5)
Scrolls
 d - 14 scrolls of remove curse
 f - 4 scrolls of fog
 g - a scroll of noise
 j - 2 scrolls of immolation
 n - 5 scrolls of teleportation
 o - 2 scrolls of blinking
 r - 2 scrolls of fear
 s - 2 scrolls of enchant armour
 x - 2 scrolls of holy word
 E - a scroll of amnesia
 N - a scroll of torment {unknown}
Potions
 a - 4 potions of degeneration
 b - 6 potions of curing
 e - 3 potions of brilliance
 l - 2 potions of berserk rage
 p - 4 potions of haste
 q - 2 potions of mutation
 z - 2 potions of invisibility {unknown}
 A - a potion of might {unknown}
 D - 2 potions of cancellation
 H - a potion of resistance {unknown}
 T - 2 potions of flight {unknown}
 U - 2 potions of lignification
 X - 3 potions of stabbing {unknown}
Miscellaneous
 y - a lightning rod (4/4)
 M - a phial of floods (inert)
Comestibles
 c - 43 rations
 R - 2 chunks of flesh


   Skills:
 - Level 1.7 Dodging
 - Level 1.7 Stealth
 - Level 11.0 Spellcasting
 * Level 19.5 Ice Magic


You had 3 spell levels left.
You knew the following spells:

 Your Spells              Type           Power        Failure   Level  Hunger
a - Freeze                Ice            ####         0%          1    None
b - Frozen Ramparts       Ice            ######       0%          3    None
c - Hailstorm             Conj/Ice       #######.     1%          4    None
d - Ozocubu's Armour      Chrm/Ice       #######.     1%          3    None
e - Summon Ice Beast      Ice/Summ       #######.     1%          4    None
f - Metabolic Englaciati  Hex/Ice        #######...   2%          5    ###....
g - Absolute Zero         Ice            ########..   85%         9    #######
h - Vampiric Draining     Necr           ##........   14%         3    None

Your spell library contained the following spells:

 Spells                   Type           Power        Failure   Level  Hunger
 Ensorcelled Hibernation  Hex/Ice        ######       1%          2    None
 Animate Skeleton         Necr           N/A          4%          1    None
 Beastly Appendage        Tmut           ##....       4%          1    None
 Corona                   Hex            ##.....      4%          1    None
 Infusion                 Chrm           ##..         4%          1    None
 Pain                     Necr           ##..         4%          1    None
 Sandblast                Erth           ##....       4%          1    None
 Sting                    Tmut/Pois      ##..         4%          1    None
 Passwall                 Tmut/Erth      ##......     7%          2    None
 Poisonous Vapours        Pois/Air       ##....       7%          2    None
 Shroud of Golubria       Chrm/Tloc      ##....       7%          2    None
 Song of Slaying          Chrm           ##......     7%          2    None
 Sticks to Snakes         Tmut           ##......     7%          2    None
 Confusing Touch          Hex            ##......     14%         3    None
 Dazzling Flash           Conj/Hex       ##....       14%         3    None
 Gell's Gravitas          Tloc           ##........   14%         3    None
 Ignite Poison            Fire/Tmut/Pois ##......     14%         3    None
 Inner Flame              Hex/Fire       ##......     14%         3    None
 Mephitic Cloud           Conj/Pois/Air  ##......     14%         3    None
 Spectral Weapon          Hex/Chrm       ##......     14%         3    None
 Spider Form              Tmut/Pois      ##........   14%         3    None
 Stone Arrow              Conj/Erth      ##....       14%         3    None
 Tukima's Dance           Hex            ##......     14%         3    None
 Ice Form                 Ice/Tmut       #######.     1%          4    None
 Animate Dead             Necr           N/A          43%         4    None
 Fulminant Prism          Conj/Hex       ##........   43%         4    None
 Olgreb's Toxic Radiance  Pois           ##......     43%         4    None
 Petrify                  Tmut/Erth      ##......     43%         4    None
 Agony                    Necr           ##......     78%         5    ###....
 Blade Hands              Tmut           ##........   78%         5    ###....
 Irradiate                Conj/Tmut      ##........   78%         5    ###....
 Lee's Rapid Deconstruct  Erth           ##........   78%         5    ###....
 Yara's Violent Unravell  Hex/Tmut       ##........   78%         5    ###....
 Hydra Form               Tmut           ##........   100%        6    #####..
 Iron Shot                Conj/Erth      ##........   100%        6    #####..
 Statue Form              Tmut/Erth      ##.......    100%        6    #####..
 Dragon Form              Tmut           ##........   100%        7    ######.
 Chain Lightning          Conj/Air       ##........   100%        8    #######
 Lehudib's Crystal Spear  Conj/Erth      ##........   100%        8    #######
 Fire Storm               Conj/Fire      ##........   100%        9    #######


Dungeon Overview and Level Annotations

Branches:
Dungeon (12/15)            Temple (0/1) D:6            Lair (6/6) D:8
  Swamp (0/4) Lair:4        Snake (0/4) Lair:4        Slime (0/5) Lair:5
Ossuary (visited)           IceCv (visited)
    Orc: D:9-12

Shops:
D:7 [:((   D:10 *

Annotations:
D:12 Jorgrun
Lair:5 1 runed translucent door


Innate Abilities, Weirdness & Mutations

You have an increased reservoir of magic. (+10% MP)


Message History

As you read the scroll of teleportation, it crumbles to dust.
You feel strangely unstable.
Your surroundings suddenly seem different.
You hear a grinding noise.
You start resting.
Eating one of 3 chunks of flesh.
You eat one of the 3 chunks of flesh.
This raw flesh tastes terrible.
The frozen ramparts melt away.
You start resting.
You hear a grinding noise.
Jorgrun is nearby!
Okay, then.
Okay, then.
Okay, then.
Blink to where?
Press: ? - help, Dir - move target cursor
As you read the scroll of blinking, it crumbles to dust.
You feel yourself speed up.
Jorgrun points at you and mumbles some strange words.
The iron shot hits you!!!
You die...

#....#.#...........#
#....#.#...##......#
#....#.#...##)....#
#....#.#..)##.)...#
##......#...)......###
#............(..(..#..
#.###.###..[.#.....(..
#.##...##...##.)..(#..
##.#..@..#...##g#+###..
#............##ยง....#..
###..#..g......##.....#..
#...............#.....###
###..####.##.####.....##.
#...................##.
#.#.####.....##.....##.
#...####.#..........##.
###......#....########.


You could see Jorgrun.

Vanquished Creatures
  Frances (D:12)
  A frost giant (IceCv)
  2 two-headed ogres (D:8)
  10 death yaks
  The ghost of luab the Frost Mage, a novice GnIE of Sif Muna (D:8)
  The ghost of GeoCrane the Cleaver, a novice MiFi of Trog (D:8)
  An unseen horror (D:12)
  A cyclops (D:8)
  4 black mambas
  A torpor snail (Lair:5)
  Joseph (D:7)
  The ghost of Impeuri the Covert, a novice VSAs (D:6)
  Psyche (D:12)
  An ice statue (IceCv)
  12 spiny frogs
  A centaur skeleton (D:12)
  A kobold demonologist (D:11)
  2 rime drakes
  5 komodo dragons
  A queen bee (D:9)
  A troll (D:9)
  7 polar bears (IceCv)
  A tyrant leech (Lair:6)
  17 blink frogs
  4 dream sheep
  2 hippogriffs
  Sigmund (D:2)
  3 wraiths
  43 yaks
  3 wyverns
  3 vampire mosquitoes (Lair:6)
  3 basilisks
  A soldier ant (D:11)
  4 nagas (Lair:4)
  9 water moccasins
  9 porcupines
  3 sky beasts
  5 orc warriors
  A phantom (D:5)
  2 black bears
  12 wolves (IceCv)
  4 ogres
  A centaur (D:8)
  7 crocodiles
  A big kobold (D:12)
  Blork the orc (D:6)
  18 bullfrogs
  2 scorpions
  13 killer bees (D:9)
  6 wights
  6 howler monkeys
  6 electric eels
  3 jellies
  2 centaur zombies
  5 crimson imps
  2 bullfrog zombies
  2 quasits
  5 bullfrog skeletons
  5 hounds
  7 orc priests
  5 orc wizards
  4 iguanas
  6 worker ants
  Terence (D:2)
  A hound skeleton (D:7)
  A worker ant zombie (D:5)
  9 gnolls
  12 adders
  5 shadow imps
  9 white imps (D:11)
  An ooze (D:3)
  An adder skeleton (D:9)
  3 adder zombies
  3 worms
  4 dart slugs
  5 leopard geckos
  33 orcs
  2 ball pythons
  7 bats
  8 giant cockroaches
  5 hobgoblins
  13 jackals
  9 quokkas
  A ball python skeleton (Ossuary)
  4 frilled lizards
  5 goblins
  2 hobgoblin skeletons (Ossuary)
  A hobgoblin zombie (Ossuary)
  23 kobolds
  2 orc skeletons (Ossuary)
  An orc zombie (Ossuary)
  A quokka zombie (D:8)
  7 rats
  A rat zombie (D:8)
474 creatures vanquished.

Vanquished Creatures (collateral kills)
  Snorg (D:10)
  2 hydras (Lair:6)
  A two-headed ogre (D:10)
  A death yak (IceCv)
  Sonja (D:12)
  A wyvern (Lair:6)
  An ugly thing (D:11)
  11 spiny frogs
  A kobold demonologist (D:12)
  3 komodo dragons
  4 rime drakes
  3 polar bears (IceCv)
  3 tyrant leeches (Lair:6)
  3 trolls
  4 dream sheep (Lair:6)
  7 blink frogs
  2 hippogriffs
  3 yaks
  A wraith (D:11)
  3 vampire mosquitoes (Lair:6)
  A water moccasin (Lair:6)
  2 crocodiles (Lair:6)
  An ice beast (D:10)
  A necrophage (D:10)
  An eye of draining (D:11)
  A wolf (IceCv)
  A centaur (D:9)
  A big kobold (D:10)
  2 bullfrogs
  4 killer bees (D:9)
  5 wights
  An electric eel (Lair:5)
  An orc priest (D:9)
  3 orc wizards (D:10)
  A worker ant (D:12)
  A gnoll (D:9)
  An adder (D:10)
  3 white imps (D:11)
  8 orcs
  3 kobolds (D:10)
  2 fungi
100 creatures vanquished.

Vanquished Creatures (others)
  2 polar bears (IceCv)
  A dream sheep (Lair:6)
  A yak (IceCv)
  6 wolves (IceCv)
  3 wights
  A quokka (D:2)
  10 fungi
  37 plants (Lair:6)
  3 withered plants (D:8)
64 creatures vanquished.

Grand Total: 638 creatures vanquished

Notes
Turn   | Place    | Note
-------+----------+-------------------------------------------
     0 | D:1      | Johnny the Demigod Ice Elementalist began the quest for the
                  | Orb.
     0 | D:1      | Reached XP level 1. HP: 14/14 MP: 5/5
   239 | D:1      | Reached skill level 4 in Ice Magic
   239 | D:1      | Reached XP level 2. HP: 16/20 MP: 2/7
  1272 | D:2      | Reached XP level 3. HP: 26/26 MP: 7/9
  1303 | D:2      | Noticed Sigmund
  1321 | D:2      | Killed Sigmund
  1321 | D:2      | Reached skill level 5 in Ice Magic
  1321 | D:2      | Reached XP level 4. HP: 27/33 MP: 3/11
  1321 | D:2      | Reached XP level 5. HP: 31/38 MP: 3/12
  1431 | D:2      | Learned a level 3 spell: Frozen Ramparts
  1524 | D:2      | Noticed Terence
  1534 | D:2      | Killed Terence
  1572 | D:2      | You fall into a shaft and drop 1 floor!
  2104 | D:3      | Found a snail-covered altar of Cheibriados.
  2526 | D:3      | Found a hide-covered altar of Uskayaw.
  2711 | D:2      | Reached skill level 6 in Ice Magic
  3051 | D:2      | Found a white marble altar of Elyvilon.
  3295 | D:4      | Reached XP level 6. HP: 32/45 MP: 10/14
  4155 | D:5      | Entered Level 5 of the Dungeon
  4595 | D:5      | Reached skill level 7 in Ice Magic
  4595 | D:5      | Reached XP level 7. HP: 44/50 MP: 9/16
  4718 | D:5      | Learned a level 4 spell: Hailstorm
  4722 | D:5      | Learned a level 3 spell: Ozocubu's Armour
  4759 | D:5      | Noticed Grinder
  4782 | D:5      | Paralysed by Grinder for 4 turns
  4791 | D:5      | Noticed Grinder
  4791 | D:5      | Grinder changed into Grinder the crimson imp
  4792 | D:5      | Killed Grinder the crimson imp
  5040 | D:5      | You fall into a shaft and drop 1 floor!
  5041 | D:6      | Noticed Blork the orc
  5045 | D:6      | Killed Blork the orc
  5230 | D:6      | Found a runed translucent door.
  5261 | D:6      | Reached skill level 8 in Ice Magic
  5422 | D:6      | Found a bloodstained altar of Trog.
  5603 | D:6      | Found a staircase to the Ecumenical Temple.
  5625 | D:6      | Reached skill level 5 in Spellcasting
  5625 | D:6      | Reached XP level 8. HP: 37/57 MP: 11/19
  6200 | D:6      | Found a hazy altar of Hepliaklqana.
  6476 | D:6      | Reached skill level 9 in Ice Magic
  7006 | D:6      | Noticed Impeuri's ghost (novice VSAs)
  7017 | D:6      | Killed Impeuri's ghost
  8009 | D:7      | Found Basasivoma's Antique Weapon Shoppe.
  8045 | D:7      | Reached skill level 10 in Ice Magic
  8045 | D:7      | Reached XP level 9. HP: 62/62 MP: 20/22
  8358 | D:7      | Noticed Joseph
  8370 | D:7      | Killed Joseph
  8622 | D:7      | Found Xueneapne's Book Emporium.
  8828 | D:7      | Found Meupleis's Antique Armour Emporium.
  8903 | D:7      | Found a sparkling altar of Nemelex Xobeh.
  8903 | D:7      | Found an opulent altar of Gozag.
  9062 | D:7      | Found Eroderie's Weapon Shop.
  9256 | D:8      | Found a sand-covered staircase.
  9263 | Ossuary  | Entered an ossuary
 10114 | Ossuary  | Reached skill level 11 in Ice Magic
 10271 | D:8      | Noticed a two-headed ogre
 10277 | D:8      | Killed a two-headed ogre
 10394 | D:8      | Found a runed translucent gate.
 10396 | D:8      | Found a runed translucent gate.
 10398 | D:8      | Found a runed translucent gate.
 10398 | D:8      | Noticed luab's ghost (novice GnIE)
 10399 | D:8      | Noticed GeoCrane's ghost (novice MiFi)
 10455 | D:8      | Noticed a death yak
 10455 | D:8      | Noticed a death yak
 10455 | D:8      | Noticed a death yak
 10456 | D:8      | Noticed a death yak
 10462 | D:8      | Noticed a death yak
 10463 | D:8      | Noticed a death yak
 10464 | D:8      | Noticed a death yak
 10465 | D:8      | Killed a death yak
 10465 | D:8      | Reached XP level 10. HP: 55/69 MP: 11/25
 10469 | D:8      | Killed a death yak
 10469 | D:8      | Reached skill level 12 in Ice Magic
 10471 | D:8      | Killed a death yak
 11204 | D:8      | Killed a death yak
 11293 | D:8      | Found a staircase to the Lair.
 11304 | D:8      | Noticed a two-headed ogre
 11307 | D:8      | Killed a death yak
 11310 | D:8      | Killed a two-headed ogre
 11310 | D:8      | Reached skill level 13 in Ice Magic
 11310 | D:8      | Killed a death yak
 11316 | D:8      | Killed a death yak
 11316 | D:8      | Reached XP level 11. HP: 29/74 MP: 11/28
 12018 | D:8      | Learned a level 4 spell: Summon Ice Beast
 12032 | D:8      | Killed GeoCrane's ghost
 12032 | D:8      | Killed luab's ghost
 12966 | D:9      | Reached skill level 14 in Ice Magic
 13402 | D:10     | Entered Level 10 of the Dungeon
 13439 | D:10     | Noticed Snorg
 13459 | D:10     | Killed Snorg
 13874 | D:10     | You fall into a shaft and drop 1 floor!
 14055 | D:11     | Noticed a skeletal warrior
 14142 | D:11     | Found a frozen archway.
 14165 | IceCv    | Entered an ice cave
 14826 | IceCv    | Reached skill level 10 in Spellcasting
 15092 | IceCv    | Learned a level 5 spell: Metabolic Englaciation
 15151 | IceCv    | Noticed a death yak
 15165 | IceCv    | Killed a death yak
 15165 | IceCv    | Reached skill level 15 in Ice Magic
 15165 | IceCv    | Reached XP level 12. HP: 40/81 MP: 6/30
 15450 | IceCv    | Noticed a frost giant
 15470 | IceCv    | Killed a frost giant
 15603 | IceCv    | Identified the Incunabulum of Enchantment and Stones
 15622 | IceCv    | Got a twitching amber ring
 15629 | IceCv    | Identified the ring "Koehoj" {MR+ Str+6 Dex+4 Stlth+} (You
                  | found it in an ice cave)
 16703 | D:10     | Found Ommo's Demolitions Depot.
 16871 | Lair:1   | Entered Level 1 of the Lair of Beasts
 18050 | Lair:2   | Reached skill level 16 in Ice Magic
 18457 | Lair:2   | Identified a scroll of acquirement
 18459 | Lair:2   | Acquired a book of Annihilations
 18475 | Lair:2   | Learned a level 9 spell: Absolute Zero
 19306 | Lair:3   | Learned a level 3 spell: Vampiric Draining
 20316 | Lair:4   | Found a staircase to the Swamp.
 20396 | Lair:4   | Reached XP level 13. HP: 79/86 MP: 28/32
 20507 | Lair:4   | Found a staircase to the Snake Pit.
 21284 | Lair:5   | Reached skill level 17 in Ice Magic
 22415 | Lair:5   | Found a runed translucent door.
 22415 | Lair:5   | Found a viscous altar of Jiyva.
 22416 | Lair:5   | Found a staircase to the Slime Pits.
 22770 | Lair:6   | Entered Level 6 of the Lair of Beasts
 23314 | Lair:6   | Reached skill level 18 in Ice Magic
 24660 | Lair:6   | Got a clouded iron ring
 24671 | Lair:6   | Reached skill level 19 in Ice Magic
 24671 | Lair:6   | Reached XP level 14. HP: 93/93 MP: 33/33
 24675 | Lair:6   | Identified the ring "Xith" {+Blink rPois rC- Dex+6 Slay+2}
                  | (You found it on level 6 of the Lair of Beasts)
 25725 | D:12     | Noticed Psyche
 25735 | D:12     | Killed Psyche
 25842 | D:12     | Noticed Jorgrun
 25952 | D:12     | Noticed Sonja
 25961 | D:12     | Killed Sonja
 25993 | D:12     | Got a spiked chain mail
 25994 | D:12     | Acquired an uncursed staff of cold
 25999 | D:12     | Identified the +5 chain mail "Beirph" {rElec rC- Str+8
                  | SInv} (You found it on level 12 of the Dungeon)
 26174 | D:12     | Noticed Frances
 26207 | D:12     | Killed Frances
 26259 | D:12     | HP: 4/93 [Jorgrun/+0 vorpal quarterstaff (11)]
 26276 | D:12     | Killed from afar by Jorgrun

Illustrated notes

Levels and vault maps discovered:
D:1:      minmay_arrival_glassed_features, layout_loops_ring
D:2:      layout_loops_ring, first_ration, elyvilon_altar_4, uniq_terence,
          uniq_sigmund
D:3:      layout_loops_ring, kennysheep_slug_shrine, lemuel_doored_altar,
          st_stairs_4
D:4:      layout_basic
D:5:      cheibrodos_barr_body, layout_basic, uniq_grinder
D:6:      layout_basic, overflow_temple_1_default, lemuel_round_altar,
          minmay_temple_entry_glass, ebering_ghost_reflecting_pool,
          uniq_blork_the_orc
D:7:      layout_basic, grunt_temple_overflow_opulence, serial_shops,
          nicolae_shop_behind_doors, shop, shop_statue, shop, uniq_joseph
D:8:      layout_loops_cross, dpeg_lair_monsters, gammafunk_ghost_cemetery,
          enter_ossuary_4
D:9:      layout_gridville, david_nohive_1
D:10:     layout_big_octagon, nicolae_blasting_shop, kennysheep_path_1,
          chequers_arboretum, uniq_snorg
D:11:     layout_irregular_city, portal_ice_cave_entry_imps
D:12:     layout_stronghold, kennysheep_orc_monster_closet_entryway,
          gauntlet_entry_generic, minmay_misc_feat_enclosed,
          lemuel_nasty_fountain, uniq_jorgrun, uniq_psyche, uniq_frances,
          uniq_sonja
Lair:1:   layout_cave_pods, lemuel_fruit_tree
Lair:2:   layout_regular_city, enter_volcano_4, dpeg_stationary_puzzle
Lair:3:   layout_loops_ring
Lair:4:   layout_layer_cave, swamp_mist, minmay_snake_entry_guardpost_small,
          disabler_island
Lair:5:   statuecave_lemuel, layout_regular_city, slime_altar_2, serial_bayou,
          serial_bayou_pond_e, serial_bayou_lake_a, serial_bayou_ford_a,
          serial_bayou_pond_a
Lair:6:   minmay_lair_end_frog_pond, layout_gridlike

Skill      XL: |  1  2  3  4  5  6  7  8  9 10 11 12 13 |
---------------+----------------------------------------+-----
Spellcasting   | 2 3 4 5 6 7 8 10 11 | 11.0
Ice Magic      | 4 5 6 7 8 10 11 13 15 16 19 | 19.5
Dodging        | |  1.7
Stealth        | |  1.7

Action                   |  1- 3 |  4- 6 |  7- 9 | 10-12 | 13-15 || total
-------------------------+-------+-------+-------+-------+-------++-------
Melee: Unarmed           |    35 |     1 |       |       |       ||    36
       Mace              |       |   100 |    13 |       |       ||   113
       Scimitar          |       |       |   144 |   221 |    77 ||   442
       Staff             |       |       |       |       |     3 ||     3
 Cast: Freeze            |    42 |    54 |    66 |   168 |   112 ||   442
       Frozen Ramparts   |       |     5 |    17 |    75 |    53 ||   150
       Hailstorm         |       |       |    10 |       |       ||    10
       Ozocubu's Armour  |       |       |     2 |    22 |    36 ||    60
       Summon Ice Beast  |       |       |       |    67 |    67 ||   134
       Metabolic Englaci |       |       |       |     1 |     1 ||     2
Evoke: Wand              |       |       |    21 |    39 |    22 ||    82
       Phial of floods   |       |       |       |       |     1 ||     1
  Use: Scroll            |       |     6 |     7 |    15 |    14 ||    42
       Potion            |       |       |     3 |     1 |     4 ||     8
 Stab: Sleeping          |     5 |     6 |    13 |     2 |     1 ||    27
       Distracted        |       |     1 |     1 |     3 |     1 ||     6
  Eat: Chunk             |     1 |     8 |    13 |    31 |    16 ||    69
       Ration            |       |     1 |     2 |       |     1 ||     4
Armor: Robe              |    20 |    23 |    28 |       |       ||    71
       Leather armour    |       |       |    19 |    28 |       ||    47
       Troll leather arm |       |       |       |   138 |   121 ||   259
Dodge: Dodged            |    49 |    85 |   156 |   335 |   182 ||   807
Block: Other             |       |       |    18 |   128 |    72 ||   218
       Reflection        |       |       |       |     2 |       ||     2
       Rpst.: Scimitar   |       |       |    37 |    88 |    59 ||   184
